 Dungeon Crawl Stone Soup version 0.22.1-2-g9c5b331 (webtiles) character file.

52249 HoaS the Brawler (level 14, -3/147 HPs)
             Began as a Gargoyle Berserker on Dec 27, 2018.
             Was a High Priest of Trog.
             Slain by a tyrant leech (12 damage)
             ... on level 5 of the Lair of Beasts.
             The game lasted 01:11:01 (19183 turns).

HoaS the Brawler (Gargoyle Berserker)              Turns: 19183, Time: 01:11:02

Health: -3/147     AC: 37    Str: 28    XL:     14   Next: 63%
Magic:  14/14      EV: 10    Int:  7    God:    Trog [*****.]
Gold:   2049       SH:  0    Dex: 13    Spells: 13/13 levels left

rFire    + . .     SeeInvis .     - Unarmed
rCold    + . .     Gourm    +   (no shield)
rNeg     + . .     Faith    .   w - +4 chain mail {rC+}
rPois    ∞         Spirit   .   f - +0 helmet
rElec    +         Reflect  .   x - +2 cloak {+Inv}
rCorr    .         Harm     .   D - +0 pair of gloves
MR       ++...                  P - +2 pair of boots
Stlth    ..........             I - amulet of the gourmand
HPRegen  0.34/turn              N - ring of Music {Wiz rF+}
MPRegen  0.14/turn              o - ring of protection from magic

@: berserking, flying, very quick
A: big wings, negative energy resistance 1, electricity resistance, unbreathing,
petrification resistance, rot immunity, AC +10
a: Stop Flying, Berserk, Trog's Hand, Brothers in Arms, Renounce Religion, Evoke
Invisibility


You were on level 5 of the Lair of Beasts.
You worshipped Trog.
Trog was extremely pleased with you.
You were very full.

You visited 2 branches of the dungeon, and saw 18 of its levels.
You also visited: Sewer.

You collected 2049 gold pieces.

Inventory:

Missiles
 j - 73 bolts
Armour
 f - a +0 helmet (worn)
 w - a +4 chain mail of cold resistance (worn)
 x - a +2 cloak of invisibility (worn)
 D - a +0 pair of gloves (worn)
 P - a +2 pair of boots (worn)
Jewellery
 e - an uncursed ring of protection from cold
 o - a ring of protection from magic (right hand)
 I - an amulet of the gourmand (around neck)
 N - the ring of Music (left hand) {Wiz rF+}
   (You found it on level 4 of the Lair of Beasts)

   [ring of wizardry]

   It improves your spell success rate.
   It protects you from fire.
Wands
 k - a wand of random effects (53)
 m - a wand of enslavement (30)
 s - a wand of digging (11)
 y - a wand of polymorph (37)
 z - a wand of flame (64)
 B - a wand of paralysis (15)
 F - a wand of acid (19)
 L - a wand of iceblast (8)
Scrolls
 d - 4 scrolls of magic mapping
 g - 3 scrolls of amnesia
 l - 3 scrolls of fog
 p - 7 scrolls of teleportation
 q - 4 scrolls of blinking
 r - 5 scrolls of remove curse
 u - a scroll of brand weapon
 H - 2 scrolls of fear
 K - 2 scrolls of enchant weapon
Potions
 c - 4 potions of brilliance
 h - 2 potions of haste
 i - 6 potions of curing
 n - 4 potions of flight
 t - 2 potions of resistance
 v - a potion of berserk rage
 A - a potion of might
 C - a potion of agility
 E - a potion of heal wounds
 G - 3 potions of lignification
 J - 2 potions of magic
Comestibles
 a - 6 chunks of flesh
 b - 29 rations


   Skills:
 + Level 15.6 Fighting
 + Level 12.7 Armour
 - Level 1.5 Dodging
 * Level 16.3 Unarmed Combat


You had 13 spell levels left.
You didn't know any spells.
Your spell library was empty.

Dungeon Overview and Level Annotations

Branches:
Dungeon (12/15)            Temple (0/1) D:4            Lair (6/6) D:9
 Shoals (0/4) Lair:2       Spider (0/4) Lair:2        Slime (0/5) Lair:5
    Orc (0/2) D:9

Altars:
Cheibriados
Dithmenos
Elyvilon
Fedhas
Gozag
Hepliaklqana
Nemelex Xobeh
Okawaru
Sif Muna
Trog
Uskayaw
Wu Jian
Xom
The Shining One
Jiyva

Annotations:
Lair:3 exclusion: 2 oklob plants


Innate Abilities, Weirdness & Mutations

You are resistant to torment.
Your stone body is resilient. (AC +10)
You are immune to poison.
Your large and strong wings let you fly indefinitely.
You resist negative energy. (rN+)
You are resistant to electric shocks. (rElec)
You can survive without breathing.
You are immune to petrification.
You are immune to rotting.


Message History

* * * LOW HITPOINT WARNING * * *
The vampire mosquito bites you but does no damage.
The bullfrog hits you but does no damage.
You hit the spiny frog but do no damage.
You punch the spiny frog.
You kill the spiny frog!
Trog accepts your kill. The tyrant leech completely misses you.
The vampire mosquito bites you but does no damage.
You pummel the spiny frog!!
You kill the spiny frog!
Trog accepts your kill.
The bullfrog hits you but does no damage.
The vampire mosquito barely misses you.
You closely miss the tyrant leech. You punch the tyrant leech!!
The tyrant leech is moderately wounded.
The bullfrog barely misses you. The vampire mosquito bites you.
* * * LOW HITPOINT WARNING * * *
The tyrant leech bites you!
You die...

...).........#....#..#....#
<.....#.....P............##
...............>..........#
........P........P.....#..##
................#......#.#.#
......#........#........####
..#.#.#.........P.......#
..##.............w......#
..#.......#....F@......##
..#........###...y..####
##.#..#....##.#.....#
#############.....## ####.##
###


You could see a tyrant leech, a vampire mosquito and a bullfrog.

Vanquished Creatures
  The ghost of HedoNNN the Fighter, a journeyman MiBe of Trog (Lair:4)
  The ghost of lapinsky the Cruncher, a journeyman HOFi of Gozag (Lair:3)
  Josephine (Lair:5)
  Harold (Lair:1)
  A catoblepas (Lair:5)
  3 hydras
  An alligator (Lair:4)
  2 two-headed ogres
  8 death yaks
  Nergalle (Lair:1)
  An ugly thing (D:11)
  A cyclops (D:11)
  An orb spider (Lair:2)
  4 elephants
  2 black mambas
  A gargoyle (D:12)
  Joseph (D:9)
  15 spiny frogs
  4 rime drakes
  A kobold demonologist (D:8)
  6 komodo dragons
  2 polar bears
  4 trolls
  2 hornets
  5 slime creatures (D:12)
  A snapping turtle (Lair:2)
  5 dream sheep (Lair:6)
  31 blink frogs
  5 hippogriffs
  A shadow (D:7)
  5 wraiths
  4 wyverns
  4 basilisks
  22 yaks
  4 vampire mosquitoes (Lair:6)
  A steam dragon (D:12)
  A hungry ghost (D:10)
  Edmund (D:4)
  A soldier ant (D:10)
  5 porcupines
  12 water moccasins
  3 sky beasts
  9 orc warriors
  A necrophage (D:7)
  A black bear (D:6)
  3 phantoms
  4 ice beasts
  7 wolves
  7 ogres
  5 centaurs
  7 crocodiles
  12 big kobolds
  24 bullfrogs
  A gnoll sergeant (D:4)
  A spiny frog simulacrum (Lair:3)
  8 scorpions
  10 killer bees (D:11)
  A dream sheep simulacrum (Lair:3)
  5 wights (D:6)
  An elephant simulacrum (Lair:3)
  3 electric eels
  A vampire bat (Lair:1)
  6 howler monkeys
  4 crimson imps
  A komodo dragon simulacrum (Lair:3)
  A quasit (D:8)
  2 centaur skeletons
  7 hounds
  5 jellies
  4 orc priests
  13 orc wizards
  Crazy Yiuf (D:7)
  5 bullfrog skeletons
  2 iguanas
  6 worker ants
  Robin (D:2)
  11 gnolls
  A worker ant zombie (D:8)
  6 adders
  A crocodile simulacrum (Lair:3)
  2 shadow imps
  4 worms
  A dart slug (D:1)
  4 leopard geckos
  41 orcs
  6 ball pythons
  8 giant cockroaches
  17 goblins
  8 hobgoblins
  25 jackals
  3 quokkas
  12 bats
  5 frilled lizards
  A jackal zombie (D:6)
  35 kobolds
  A leopard gecko zombie (D:7)
  2 quokka skeletons
  12 rats
  A plant (Sewer)
552 creatures vanquished.

Vanquished Creatures (collateral kills)
  A rime drake (Lair:3)
  2 blink frogs (Lair:3)
  A yak (Lair:3)
4 creatures vanquished.

Vanquished Creatures (others)
  12 fungi
  40 plants
52 creatures vanquished.

Grand Total: 608 creatures vanquished

Notes
Turn   | Place    | Note
-------+----------+-------------------------------------------
     0 | D:1      | HoaS the Gargoyle Berserker began the quest for the Orb.
     0 | D:1      | Reached XP level 1. HP: 14/14 MP: 1/1
    88 | D:1      | Reached XP level 2. HP: 15/19 MP: 2/2
   340 | D:1      | Reached skill level 4 in Unarmed Combat
   356 | D:1      | Reached XP level 3. HP: 18/23 MP: 3/3
  1002 | D:2      | Found a sparkling altar of Nemelex Xobeh.
  1021 | D:2      | Found a shimmering altar of Xom.
  1053 | D:2      | Reached ** piety under Trog
  1232 | D:2      | Found a shadowy altar of Dithmenos.
  1443 | D:2      | Noticed Robin
  1445 | D:2      | Reached XP level 4. HP: 27/28 MP: 4/4
  1465 | D:2      | Killed Robin
  1465 | D:2      | Reached skill level 5 in Unarmed Combat
  2011 | D:3      | Reached XP level 5. HP: 26/33 MP: 5/5
  2460 | D:4      | Noticed an ogre
  2475 | D:3      | Reached *** piety under Trog
  2492 | D:4      | Killed an ogre
  2492 | D:4      | Reached XP level 6. HP: 10/39 MP: 6/6
  2734 | D:4      | Noticed a phantom
  2768 | D:4      | Killed a phantom
  2810 | D:4      | Reached skill level 6 in Unarmed Combat
  2848 | D:4      | Reached skill level 5 in Fighting
  2898 | D:4      | Noticed Edmund
  2943 | D:4      | Reached XP level 7. HP: 40/44 MP: 7/7
  2980 | D:4      | Killed Edmund
  3219 | D:4      | Found a staircase to the Ecumenical Temple.
  3284 | D:4      | Found an iron altar of Okawaru.
  3411 | D:5      | Entered Level 5 of the Dungeon
  3654 | D:5      | Reached skill level 7 in Unarmed Combat
  3715 | D:5      | Reached XP level 8. HP: 46/51 MP: 8/8
  3727 | D:5      | Found a glowing drain.
  3736 | Sewer    | Entered a sewer
  4517 | D:5      | Reached **** piety under Trog
  4539 | D:5      | Found an ornate altar of the Wu Jian Council.
  4622 | D:5      | Found a white marble altar of Elyvilon.
  4950 | D:6      | Found a hazy altar of Hepliaklqana.
  5181 | D:6      | Reached skill level 5 in Armour
  5284 | D:6      | Found a blossoming altar of Fedhas.
  5324 | D:6      | Reached skill level 8 in Unarmed Combat
  5497 | D:6      | Found a snail-covered altar of Cheibriados.
  5498 | D:6      | Found a hazy altar of Hepliaklqana.
  5500 | D:6      | Found a hide-covered altar of Uskayaw.
  5568 | D:6      | Found a deep blue altar of Sif Muna.
  5598 | D:6      | Reached XP level 9. HP: 49/59 MP: 9/9
  6139 | D:7      | Reached ***** piety under Trog
  6139 | D:7      | Reached skill level 9 in Unarmed Combat
  6316 | D:7      | Found a large runed door.
  6316 | D:7      | Found a large runed door.
  6364 | D:7      | Got a crude scale mail
  6375 | D:7      | Identified the +4 scale mail of Sif Muna's Envy {rElec rF-
                  | MP+9 Int+3} (You found it on level 7 of the Dungeon)
  6471 | D:7      | Found a large runed door.
  6471 | D:7      | Found a large runed door.
  6648 | D:7      | Found a runed door.
  6733 | D:7      | Noticed a moth of wrath
  6736 | D:7      | Found a bloodstained altar of Trog.
  6939 | D:7      | Noticed Crazy Yiuf
  6946 | D:7      | Killed Crazy Yiuf
  7014 | D:7      | Got a flickering turquoise ring
  7028 | D:7      | Identified the cursed ring of Untruth {rC- rN+ Str+10
                  | Int-2} (You found it on level 7 of the Dungeon)
  7171 | D:8      | Reached XP level 10. HP: 66/67 MP: 10/10
  7229 | D:8      | Noticed a kobold demonologist
  7257 | D:8      | Killed a kobold demonologist
  7257 | D:8      | Reached skill level 10 in Fighting
  7257 | D:8      | Reached skill level 10 in Unarmed Combat
  7808 | D:8      | Found a glowing golden altar of the Shining One.
  7948 | D:9      | Noticed Joseph
  8236 | D:9      | Killed Joseph
  8361 | D:9      | Reached skill level 11 in Unarmed Combat
  8399 | D:9      | Found a staircase to the Lair.
  8509 | D:9      | Reached XP level 11. HP: 35/74 MP: 11/11
  8744 | D:9      | Received a gift from Trog
  9112 | D:9      | Found a staircase to the Orcish Mines.
  9170 | D:10     | Entered Level 10 of the Dungeon
  9565 | D:10     | Identified a scroll of acquirement
  9779 | D:10     | Noticed a two-headed ogre
  9787 | D:10     | Killed a two-headed ogre
  9935 | D:11     | Noticed a purple ugly thing
  9956 | D:11     | Killed a purple ugly thing
 10098 | D:11     | Noticed Psyche
 10102 | D:11     | Noticed Psyche
 10102 | D:11     | Psyche changed into Psyche the rime drake
 10115 | D:11     | Killed Psyche the rime drake
 10115 | D:11     | Reached skill level 12 in Unarmed Combat
 10241 | D:11     | Noticed a two-headed ogre
 10251 | D:11     | Killed a two-headed ogre
 10546 | D:11     | Noticed a cyclops
 10562 | D:11     | Killed a cyclops
 10562 | D:11     | Received a gift from Trog
 11055 | D:12     | Reached XP level 12. HP: 58/82 MP: 12/12
 11250 | D:12     | Found an opulent altar of Gozag.
 11269 | D:12     | Noticed Sonja
 11294 | D:12     | Noticed Sonja
 11294 | D:12     | Sonja changed into Sonja the polar bear
 11308 | D:12     | Killed Sonja the polar bear
 11950 | Lair:1   | Entered Level 1 of the Lair of Beasts
 11950 | Lair:1   | Noticed Nergalle
 11959 | Lair:1   | Killed Nergalle
 12049 | Lair:1   | Noticed Harold
 12063 | Lair:1   | Killed Harold
 12063 | Lair:1   | Reached skill level 13 in Unarmed Combat
 12100 | Lair:1   | Reached skill level 10 in Armour
 12930 | Lair:2   | Found a hole to the Spider Nest.
 13838 | Lair:2   | Received a gift from Trog
 13911 | Lair:2   | Noticed a death yak
 13913 | Lair:2   | Noticed a death yak
 13913 | Lair:2   | Noticed a death yak
 13914 | Lair:2   | Noticed a death yak
 13914 | Lair:2   | Noticed a death yak
 13945 | Lair:2   | Killed a death yak
 13962 | Lair:2   | Killed a death yak
 13962 | Lair:2   | Reached XP level 13. HP: 61/90 MP: 13/13
 13971 | Lair:2   | Reached skill level 14 in Unarmed Combat
 14806 | Lair:2   | Found a staircase to the Shoals.
 15566 | Lair:3   | Found a runed gate.
 15567 | Lair:3   | Found a runed gate.
 15568 | Lair:3   | Found a runed gate.
 16220 | Lair:3   | Noticed lapinsky's ghost (journeyman HOFi)
 16267 | Lair:3   | Killed lapinsky's ghost
 16269 | Lair:3   | Received a gift from Trog
 16276 | Lair:3   | Reached skill level 15 in Unarmed Combat
 16286 | Lair:3   | Got the ring "Toynt" {Fire}
 16990 | Lair:4   | Found a runed door.
 16992 | Lair:4   | Noticed HedoNNN's ghost (journeyman MiBe)
 17039 | Lair:4   | Killed HedoNNN's ghost
 17039 | Lair:4   | Reached skill level 15 in Fighting
 17073 | Lair:4   | Got a fine bronze ring
 17638 | Lair:4   | Gained mutation: Your large and strong wings let you fly
                  | indefinitely. [Gargoyle growth]
 17638 | Lair:4   | Reached XP level 14. HP: 87/98 MP: 14/14
 17920 | Lair:5   | Found a staircase to the Slime Pits.
 17921 | Lair:5   | Found a viscous altar of Jiyva.
 17955 | Lair:5   | Noticed Josephine
 17963 | Lair:5   | Killed Josephine
 17992 | Lair:5   | Identified the ring of Music {Wiz rF+} (You found it on
                  | level 4 of the Lair of Beasts)
 18320 | Lair:6   | Entered Level 6 of the Lair of Beasts
 18413 | Lair:6   | Reached skill level 16 in Unarmed Combat
 18682 | Lair:6   | HP: 4/98 [komodo dragon (13)]
 19183 | Lair:5   | Slain by a tyrant leech

Skill      XL: |  1  2  3  4  5  6  7  8  9 10 11 12 13 14 |
---------------+-------------------------------------------+-----
Unarmed Combat | 4 5 6 7 8 9 11 12 13 15 16 | 16.3
Fighting       | 4 5 6 7 9 11 12 14 15 | 15.6
Armour         | 3 4 5 6 8 9 10 11 12 | 12.7
Dodging        | |  1.5

Action                   |  1- 3 |  4- 6 |  7- 9 | 10-12 | 13-15 || total
-------------------------+-------+-------+-------+-------+-------++-------
Melee: Unarmed           |   160 |   209 |   520 |   951 |   688 ||  2528
       Punch             |     1 |     5 |    21 |    60 |    71 ||   158
Invok: Berserk           |       |     2 |     1 |     1 |     3 ||     7
       Trog's Hand       |       |     1 |     1 |     3 |     2 ||     7
       Brothers in Arms  |       |       |       |       |     1 ||     1
 Abil: Fly               |       |       |       |       |     1 ||     1
Evoke: Wand              |       |       |     1 |    13 |       ||    14
  Use: Scroll            |    10 |     3 |     8 |     9 |     8 ||    38
       Potion            |       |       |       |     1 |     5 ||     6
 Stab: Confused          |       |       |     2 |       |       ||     2
  Eat: Chunk             |     2 |     7 |    16 |    43 |    21 ||    89
Armor: Ring mail         |    86 |    29 |       |       |       ||   115
       Scale mail        |       |    59 |   106 |       |       ||   165
       Skin              |       |       |     8 |       |       ||     8
       Plate armour      |       |       |   101 |       |       ||   101
       Chain mail        |       |       |    55 |   603 |   547 ||  1205
Dodge: Dodged            |    86 |   104 |   206 |   323 |   310 ||  1029
